 Dungeon Crawl Stone Soup version 0.23-a0-356-g1757c6e (webtiles) character file.

626 Hilur the Protected (level 7, -3/50 HPs)
             Began as a Gnoll Wanderer on Oct 21, 2018.
             Was a Follower of Hepliaklqana.
             Hit by a tomahawk thrown by an orc warrior (13 damage)
             ... on level 5 of the Dungeon.
             The game lasted 00:14:06 (4532 turns).

Hilur the Protected (Gnoll Wanderer)                Turns: 4532, Time: 00:14:07

Health: -3/50      AC:  8    Str: 15    XL:     7   Next: 47%
Magic:  10/10      EV: 12    Int: 15    God:    Hepliaklqana [*.....]
Gold:   50         SH:  0    Dex: 15    Spells: 10/10 levels left

rFire    . . .     SeeInvis +   a - +2 mace
rCold    . . .     Gourm    .   (no shield)
rNeg     . . .     Faith    .   k - +0 ring mail
rPois    .         Spirit   .   (no helmet)
rElec    .         Reflect  .   (no cloak)
rCorr    .         Harm     .   t - +0 pair of gloves
MR       .....                  (no boots)
Stlth    ++........             (no amulet)
HPRegen  0.16/turn              g - ring of see invisible
MPRegen  0.12/turn              (no ring)

@: no status effects
A: distributed training, reduced essence, fangs 1, strong nose
a: Recall Ancestor, Ancestor Identity, Renounce Religion


You were on level 5 of the Dungeon.
You worshipped Hepliaklqana.
Hepliaklqana was aware of your devotion.
You were not hungry.

You visited 1 branch of the dungeon, and saw 5 of its levels.

You collected 140 gold pieces.
You spent 90 gold pieces at shops.

Inventory:

Hand Weapons
 a - a +2 mace (weapon)
 o - a +0 hand crossbow
 D - a +0 hunting sling
Missiles
 v - 8 needles of sleeping
 w - 5 tomahawks (quivered)
 y - 3 curare-tipped needles
 B - 55 stones
Armour
 k - a +0 ring mail (worn)
 t - a +0 pair of gloves (worn)
Jewellery
 g - a ring of see invisible (left hand)
Wands
 n - a wand of polymorph (3)
 u - a wand of random effects (26)
Scrolls
 c - 6 scrolls of teleportation
 d - a scroll of remove curse {unknown}
 h - 6 scrolls of identify
 j - a scroll of immolation {unknown}
 x - a scroll of fear {unknown}
 C - a scroll of amnesia {unknown}
 F - 3 scrolls of enchant armour {unknown}
Potions
 b - 3 potions of lignification
 e - 3 potions of degeneration {unknown}
 i - 3 potions of curing
 l - a potion of berserk rage {unknown}
 m - 2 potions of magic {unknown}
 p - a potion of resistance {unknown}
 q - a potion of brilliance {unknown}
 r - a potion of might
 z - a potion of cancellation {unknown}
 A - a potion of flight {unknown}
 E - a potion of agility {unknown}
Comestibles
 f - 7 rations
 s - a chunk of flesh


   Skills:
 + Level 5.2 Fighting
 + Level 2.4 Short Blades
 + Level 2.4 Long Blades
 + Level 2.4 Axes
 + Level 5.2 Maces & Flails
 + Level 2.4 Polearms
 + Level 2.4 Staves
 + Level 2.4 Slings
 + Level 2.4 Bows
 + Level 2.4 Crossbows
 + Level 5.2 Throwing
 + Level 8.9 Armour
 + Level 2.4 Dodging
 + Level 2.4 Stealth
 + Level 2.4 Shields
 + Level 2.4 Unarmed Combat
 + Level 2.4 Spellcasting
 + Level 2.0 Conjurations
 + Level 2.0 Hexes
 + Level 2.0 Charms
 + Level 2.0 Summonings
 + Level 2.0 Necromancy
 + Level 2.0 Translocations
 + Level 2.0 Transmutations
 + Level 2.0 Fire Magic
 + Level 2.0 Ice Magic
 + Level 2.0 Air Magic
 + Level 2.0 Earth Magic
 + Level 2.0 Poison Magic
 + Level 2.7 Invocations
 + Level 2.4 Evocations


You had 10 spell levels left.
You didn't know any spells.
Your spell library was empty.

Dungeon Overview and Level Annotations

Branches:
Dungeon (5/15)
 Temple: D:4-7

Altars:
Cheibriados
Hepliaklqana
Nemelex Xobeh
Zin


Innate Abilities, Weirdness & Mutations

Your experience applies equally to all skills.
You have very sharp teeth.
Your uncanny sense of smell can sniff out nearby items.
Your life essence is reduced to manifest your ancestor. (-10% HP)


Message History

The orc warrior hits you with a +0 glaive!!
Ouch! That really hurt!
You hit the orc warrior.
The orc warrior is lightly wounded.
The orc warrior barely misses you.
You barely miss the orc warrior.
The orc warrior is lightly wounded.
The orc warrior hits you with a +0 glaive.
* * * LOW HITPOINT WARNING * * *
You swap places.
Khalidah hits the orc warrior but does no damage.
The orc warrior hits you from afar with a +0 glaive.
* * * LOW HITPOINT WARNING * * *
Khalidah closely misses the orc warrior.
You see here a +0 leather armour.
The orc warrior throws a tomahawk.
The tomahawk closely misses Khalidah.
The tomahawk barely misses you.
Khalidah hits the orc warrior.
The orc warrior throws a tomahawk.
The tomahawk closely misses Khalidah.
The tomahawk hits you!
You die...

∆ ... #.#
#o# #o#
#.#######
#R#
#....<..#
#.#
#######.#
#[#### #.#
#....# #.#
#@##.....
#[#######.#
.#..
#.##.....(#
#
#.##.######
#....#
######


You could see the friendly Khalidah the ancestor, an orc warrior and an orc.

Vanquished Creatures
  An orc priest (D:3)
  A hound (D:3)
  A bullfrog skeleton (D:4)
  4 orc wizards
  Jessica (D:3)
  2 iguanas (D:4)
  Natasha (twice) (D:3)
  A worker ant (D:4)
  A hound skeleton (D:4)
  Robin (D:4)
  An adder (D:4)
  A worm (D:2)
  A dart slug (D:2)
  2 leopard geckos
  6 orcs
  5 giant cockroaches
  9 goblins
  7 hobgoblins
  8 jackals
  3 quokkas
  5 bats
  A frilled lizard (D:2)
  5 kobolds (D:1)
  14 rats
83 creatures vanquished.

Vanquished Creatures (collateral kills)
  An orc priest (D:4)
  A hound (D:4)
  An orc wizard (D:4)
  Ijyb (D:3)
  Natasha (D:3)
  A dart slug (D:4)
  3 orcs (D:3)
  A bat (D:3)
  A giant cockroach (D:3)
  A hobgoblin (D:3)
  A frilled lizard (D:3)
  5 goblins
  A rat (D:3)
19 creatures vanquished.

Vanquished Creatures (others)
  An ancestor (D:3)
1 creature vanquished.

Grand Total: 103 creatures vanquished

Notes
Turn   | Place    | Note
-------+----------+-------------------------------------------
     0 | D:1      | Hilur the Gnoll Wanderer began the quest for the Orb.
     0 | D:1      | Hilur set off with: a +2 mace, a potion of lignification, a
                  | scroll of teleportation, a +0 robe, a ration
     0 | D:1      | Reached XP level 1. HP: 20/20 MP: 1/1
   181 | D:1      | Reached XP level 2. HP: 20/26 MP: 2/2
   475 | D:1      | Reached XP level 3. HP: 19/31 MP: 3/3
  1403 | D:2      | Reached skill level 1 in Invocations
  1521 | D:2      | Found a sparkling altar of Nemelex Xobeh.
  2088 | D:3      | Found a hazy altar of Hepliaklqana.
  2096 | D:3      | Became a worshipper of Hepliaklqana the Forgotten
  2255 | D:3      | Reached skill level 1 in Short Blades
  2255 | D:3      | Reached skill level 1 in Long Blades
  2255 | D:3      | Reached skill level 1 in Axes
  2255 | D:3      | Reached skill level 1 in Polearms
  2255 | D:3      | Reached skill level 1 in Staves
  2255 | D:3      | Reached skill level 1 in Slings
  2255 | D:3      | Reached skill level 1 in Bows
  2255 | D:3      | Reached skill level 1 in Crossbows
  2255 | D:3      | Reached skill level 1 in Dodging
  2255 | D:3      | Reached skill level 1 in Stealth
  2255 | D:3      | Reached skill level 1 in Shields
  2255 | D:3      | Reached skill level 1 in Unarmed Combat
  2255 | D:3      | Reached skill level 1 in Spellcasting
  2255 | D:3      | Reached skill level 1 in Evocations
  2275 | D:3      | Noticed Natasha
  2293 | D:3      | Killed Natasha
  2293 | D:3      | Reached XP level 4. HP: 25/34 MP: 5/5
  2382 | D:3      | Noticed Ijyb
  2391 | D:3      | Reached skill level 1 in Conjurations
  2391 | D:3      | Reached skill level 1 in Hexes
  2391 | D:3      | Reached skill level 1 in Charms
  2391 | D:3      | Reached skill level 1 in Summonings
  2391 | D:3      | Reached skill level 1 in Necromancy
  2391 | D:3      | Reached skill level 1 in Translocations
  2391 | D:3      | Reached skill level 1 in Transmutations
  2391 | D:3      | Reached skill level 1 in Fire Magic
  2391 | D:3      | Reached skill level 1 in Ice Magic
  2391 | D:3      | Reached skill level 1 in Air Magic
  2391 | D:3      | Reached skill level 1 in Earth Magic
  2391 | D:3      | Reached skill level 1 in Poison Magic
  2414 | D:3      | Killed Ijyb
  2414 | D:3      | Reached XP level 5. HP: 27/38 MP: 5/7
  2590 | D:3      | Noticed Natasha
  2603 | D:3      | Killed Natasha
  2968 | D:3      | Reached XP level 6. HP: 31/45 MP: 8/8
  3072 | D:3      | Noticed Natasha
  3080 | D:3      | Killed Natasha
  3419 | D:3      | Noticed Jessica
  3447 | D:3      | Killed Jessica
  3447 | D:3      | Reached skill level 5 in Fighting
  3447 | D:3      | Reached skill level 5 in Maces & Flails
  3447 | D:3      | Reached skill level 5 in Throwing
  3845 | D:4      | Reached XP level 7. HP: 48/50 MP: 10/10
  3991 | D:4      | Reached * piety under Hepliaklqana
  4120 | D:4      | Found a snail-covered altar of Cheibriados.
  4144 | D:4      | Found Zin's Purification Station.
  4147 | D:4      | Found a glowing silver altar of Zin.
  4152 | D:4      | Bought a potion of curing for 90 gold pieces
  4351 | D:4      | Got a warped leather armour
  4352 | D:4      | Identified the cursed +1 leather armour of the Guilds {+Fly
                  | rElec} (You found it on level 4 of the Dungeon)
  4377 | D:4      | Noticed Robin
  4400 | D:4      | Killed Robin
  4500 | D:5      | Entered Level 5 of the Dungeon
  4532 | D:5      | Hit by a tomahawk thrown by an orc warrior

Vault maps used:
D:1:      lordsloth_arrival_two_stooges, serial_forest,
          infiniplex_forest_straight_3, infiniplex_forest_clump_curved,
          infiniplex_forest_straight_2, infiniplex_forest_zigzag_2,
          infiniplex_forest_clump_small, infiniplex_forest_clump_medium,
          infiniplex_forest_corner_2, hex_large
D:2:      lemuel_statue_altar
D:3:      lemuel_crystal_altar, uniq_ijyb, uniq_jessica, uniq_natasha
D:4:      zin_purify, kennysheep_slug_shrine, uniq_robin
D:5:      cheibrodos_helix_gallery, nicolae_overflow_crystal_walls,
          kennysheep_little_box, first_ration, ebering_ghost_sewer_f,
          minmay_misc_feat_roman

Skill      XL: |  1  2  3  4  5  6  7 |
---------------+----------------------+-----
Invocations    | 1 2 |  2.7
Short Blades   | 1 2 |  2.4
Long Blades    | 1 2 |  2.4
Axes           | 1 2 |  2.4
Polearms       | 1 2 |  2.4
Staves         | 1 2 |  2.4
Slings         | 1 2 |  2.4
Bows           | 1 2 |  2.4
Crossbows      | 1 2 |  2.4
Dodging        | 1 2 |  2.4
Stealth        | 1 2 |  2.4
Shields        | 1 2 |  2.4
Unarmed Combat | 1 2 |  2.4
Spellcasting   | 1 2 |  2.4
Evocations     | 1 2 |  2.4
Conjurations   | 1 2 |  2.0
Hexes          | 1 2 |  2.0
Charms         | 1 2 |  2.0
Summonings     | 1 2 |  2.0
Necromancy     | 1 2 |  2.0
Translocations | 1 2 |  2.0
Transmutations | 1 2 |  2.0
Fire Magic     | 1 2 |  2.0
Ice Magic      | 1 2 |  2.0
Air Magic      | 1 2 |  2.0
Earth Magic    | 1 2 |  2.0
Poison Magic   | 1 2 |  2.0
Fighting       | 5 |  5.2
Maces & Flails | 5 |  5.2
Throwing       | 5 |  5.2
Armour         | |  8.9

Action                   |  1- 3 |  4- 6 |  7- 9 || total
-------------------------+-------+-------+-------++-------
Melee: Mace              |   126 |   101 |    42 ||   269
       Bite              |    12 |    11 |     2 ||    25
       Punch             |     1 |     1 |     2 ||     4
       Unarmed           |       |    22 |       ||    22
Throw: Tomahawk          |     1 |     8 |     3 ||    12
Invok: Ancestor Identity |       |       |     1 ||     1
  Use: Scroll            |       |       |     3 ||     3
 Stab: Sleeping          |     1 |       |       ||     1
  Eat: Chunk             |     4 |     5 |     3 ||    12
Armor: Robe              |    17 |       |       ||    17
       Ring mail         |    24 |    61 |    17 ||   102
Dodge: Dodged            |    69 |    77 |    33 ||   179

Table legend:
 A = Non-vault XP
 B = Vault XP
 C = Vault XP percentage of total XP
 D = Non-vault monster count
 E = Vault monster count
 F = Vault count percentage of total count
                 A         B        C        D         E       F
            +---------+---------+-------+---------+---------+-------
      Total |     747 |     148 |  16.5 |      87 |      15 |  14.7
            +---------+---------+-------+---------+---------+-------
        D:1 |      51 |       0 |   0.0 |      31 |       0 |   0.0
        D:2 |      23 |       0 |   0.0 |      12 |       0 |   0.0
        D:3 |     326 |     111 |  25.4 |      32 |       3 |   8.6
        D:4 |     302 |      37 |  10.9 |      10 |      12 |  54.5
        D:5 |      45 |       0 |   0.0 |       2 |       0 |   0.0
            +---------+---------+-------+---------+---------+-------
